 Dungeon Crawl Stone Soup version 0.28.0-53-g5a82cb258f (webtiles) character file.

Game seed: 3292088075878999757

4630 Tirrikindir the Carver (level 10, -5/67 HPs)
             Began as an Octopode Fighter on Aug 16, 2022.
             Was an Initiate of Gozag.
             Slain by an orc knight
             ... wielding a +0 war axe
              (11 damage)
             ... in a bailey.
             The game lasted 00:28:31 (8312 turns).

Tirrikindir the Carver (Octopode Fighter)           Turns: 8312, Time: 00:28:33

Health: -5/67      AC:  5    Str: 15    XL:     10   Next: 42%
Magic:  19/19      EV: 19    Int: 10    God:    Gozag
Gold:   463        SH:  7    Dex: 17    Spells: 9/9 levels left

rFire   . . .      SeeInvis .   a - +0 long sword
rCold   . . .      Faith    .   b - +1 buckler
rNeg    . . .      Spirit   .   (helmet restricted)
rPois   .          Reflect  .   (no amulet)
rElec   .          Harm     .   g - ring of resist corrosion
rCorr   +          Rampage  .   d - ring of willpower
Will    +....                   m - ring of magical power
Stlth   +++++.....              u - +4 ring of evasion
HPRegen 0.21/turn               x - +4 ring of protection
MPRegen 0.16/turn               (no ring)
                                (no ring)
                                (no ring)

@: gold aura, on berserk cooldown, slowed, very slow
A: almost no armour, amphibious, 8 rings, camouflage 1, gelatinous body 1,
(nimble swimmer 1), tentacles
a: Renounce Religion, Potion Petition, Call Merchant, Bribe Branch


You were in a bailey.
You worshipped Gozag.
Gozag was aware of your devotion.
You visited 2 branches of the dungeon, and saw 10 of its levels.
You also visited: Sewer and Bailey.

You collected 1298 gold pieces.
You spent 504 gold pieces at shops.
You paid 331 gold pieces to Gozag.

Inventory:

Hand Weapons
 a - a +0 long sword (weapon)
Missiles
 r - 19 poisoned darts
 A - 10 boomerangs (quivered)
Armour
 b - a +1 buckler (worn)
Jewellery
 d - a ring of willpower (right tentacle)
 g - a ring of resist corrosion (left tentacle)
 m - a ring of magical power (on tentacle)
 o - a ring of fire
 u - a +4 ring of evasion (on tentacle)
 x - a +4 ring of protection (on tentacle)
Wands
 e - a wand of iceblast (7)
 s - a wand of digging (3)
 v - a wand of polymorph (4)
 y - a wand of flame (29)
Scrolls
 h - a scroll of summoning
 i - a scroll of silence
 j - 4 scrolls of enchant armour
 k - 2 scrolls of immolation
 l - 4 scrolls of teleportation
 z - a scroll of amnesia {unknown}
Potions
 c - 2 potions of might
 f - a potion of berserk rage
 n - 5 potions of curing
 p - 2 potions of brilliance
 q - a potion of haste
 t - a potion of invisibility
 w - a potion of magic {unknown}


   Skills:
 * Level 5.6 Fighting
 * Level 10.3 Long Blades
 + Level 2.6 Throwing
 * Level 5.6 Dodging
 + Level 7.4 Stealth
 * Level 5.6 Shields
 + Level 4.4 Evocations


You had 9 spell levels left.
You didn't know any spells.
Your spell library contained the following spells:

 Spells                   Type           Power      Damage    Failure   Level
 Freeze                   Ice            0%         1d3       43%         1
 Sting                    Tmut/Pois      0%         1d3       43%         1
 Poisonous Vapours        Pois/Air       0%         N/A       58%         2
 Frozen Ramparts          Ice            0%         1d2       82%         3
 Hailstorm                Conj/Ice       0%         3d3       99%         4
 Olgreb's Toxic Radiance  Pois           0%         N/A       99%         4


Dungeon Overview and Level Annotations

Branches:
Dungeon (9/15)             Temple (1/1) D:7           Sewer (visited)
 Bailey (1/1)
   Lair: D:8-11         Orc: D:9-12

Altars:
Cheibriados
Fedhas
Gozag
Kikubaaqudgha
Makhleb
Nemelex Xobeh
Ru
Sif Muna
Trog
Uskayaw
Vehumet
Wu Jian
Zin
The Shining One

Shops:
D:2 =   D:4 *   D:5 (

Annotations:
D:5 2 runed translucent doors, 2 transporters, Tirrikindir's ghost, novice TrFi


Innate Abilities, Weirdness & Mutations

You cannot wear most types of armour.
You are amphibious.
You can wear up to eight rings at the same time.
Your skin changes colour to match your surroundings (Stealth+).
Your rubbery body absorbs attacks. (AC +1, EV +1)
((You are camouflaged when in or above water. (Stealth+)))
You have tentacles for arms and can constrict up to eight enemies at once.


Message History

You hit the orc knight. Your grab misses the orc knight.
The orc knight is heavily wounded.
You block the orc knight's attack.
You slash the kobold!
You kill the kobold!
The kobold brigand throws a poisoned dart.
The poisoned dart misses you.
You slash the orc knight! You grab the orc knight.
The orc knight is heavily wounded.
You constrict the orc knight.
The orc knight is distracted by your dazzling golden aura.
The orc knight shouts!
You slash the orc knight!
The orc knight is no longer distracted by gold.
The orc knight is severely wounded.
You constrict the orc knight, but do no damage.
The orc warrior barely misses you.
You slash the orc knight!
You squeeze the orc knight, but do no damage.
The orc knight is almost dead.
You constrict the orc knight, but do no damage.
The orc knight hits you with a +0 war axe!!
* * * LOW HITPOINT WARNING * * *
You closely miss the orc warrior. You grab the orc warrior.
You squeeze the orc warrior!
The orc warrior is heavily wounded.
You are no longer berserk.
You are exhausted.
You feel yourself slow down.
You constrict the orc knight.
You constrict the orc warrior, but do no damage.
The orc warrior closely misses you. The orc knight closely misses you.
You hit the orc knight but do no damage.
The orc knight is almost dead.
You constrict the orc knight, but do no damage.
You constrict the orc warrior.
The orc warrior hits you with a +0 broad axe!
* * * LOW HITPOINT WARNING * * *
The orc knight hits you with a +0 war axe!
You die...
Your body crumbles into a pile of gold.

$ ....... .......
....... ..... K...
..# ###o### ##$@o..##
#...8...# #∩(....∩#
##.....## ####'''####
##≈.......≈##
#####≈≈.......≈≈#####
#....≈≈.......≈≈....#
#.###≈≈.......≈≈###.#


You could see an orc knight, an orc warrior (strong) and a kobold brigand.

Vanquished Creatures
  Joseph (D:8)
  Maggie (D:7)
  A hornet (D:9)
  Menkaure (D:7)
  A water moccasin (D:8)
  A necrophage (D:6)
  2 orc warriors
  3 ice beasts
  2 black bears
  5 ogres
  3 centaurs
  6 kobold brigands
  6 scorpions
  5 wights (D:6)
  A howler monkey (D:8)
  3 bullfrog zombies
  2 jellies
  3 centaur zombies
  Crazy Yiuf (D:6)
  2 bullfrog skeletons (D:5)
  5 hounds
  Ijyb (D:4)
  5 iguanas
  3 orc wizards
  A scorpion zombie (D:5)
  A killer bee zombie (D:8)
  3 hound skeletons
  Robin (D:4)
  10 adders
  2 worms (Sewer)
  3 dart slugs
  16 orcs
  2 bats
  8 endoplasms
  5 giant cockroaches
  18 goblins
  9 hobgoblins
  2 jackals (D:2)
  7 quokkas
  4 ball pythons
  2 frilled lizards
  40 kobolds
  8 rats
206 creatures vanquished.

Vanquished Creatures (collateral kills)
  An ice beast (D:5)
  A necrophage (D:3)
  A kobold (D:5)
3 creatures vanquished.

Vanquished Creatures (others)
  5 fungi (D:6)
  63 plants (D:5)
68 creatures vanquished.

Grand Total: 277 creatures vanquished

Notes
Turn   | Place    | Note
-------+----------+-------------------------------------------
     0 | D:1      | Tirrikindir the Octopode Fighter began the quest for the
                  | Orb.
     0 | D:1      | Reached XP level 1. HP: 16/16 MP: 1/1
    74 | D:1      | Reached XP level 2. HP: 18/21 MP: 2/2
    82 | D:1      | Reached skill level 1 in Stealth
   678 | D:2      | Reached XP level 3. HP: 26/26 MP: 3/3
   734 | D:2      | Found Emoriedo's Jewellery Shop.
   745 | D:2      | Found an ornate altar of the Wu Jian Council.
   796 | D:2      | Reached XP level 4. HP: 18/31 MP: 4/4
  1010 | D:2      | Reached skill level 3 in Long Blades
  1799 | D:3      | Found a glowing silver altar of Zin.
  1818 | D:3      | Found an ornate altar of the Wu Jian Council.
  2014 | D:3      | Noticed a necrophage
  2037 | D:3      | Killed a necrophage
  2038 | D:3      | Reached XP level 5. HP: 17/37 MP: 5/5
  2312 | D:3      | Found a faded altar of an unknown god.
  2537 | D:4      | Found Gozag's Platinum Reserve.
  2539 | D:4      | Found an opulent altar of Gozag.
  2547 | D:4      | Became a worshipper of Gozag Ym Sagoz the Greedy
  2554 | D:4      | Noticed Robin
  2577 | D:4      | Killed Robin
  2593 | D:4      | Reached XP level 6. HP: 43/43 MP: 6/6
  2658 | D:4      | Reached skill level 4 in Long Blades
  2812 | D:4      | Noticed Ijyb
  2819 | D:4      | Killed Ijyb
  2945 | D:4      | Reached XP level 7. HP: 30/48 MP: 7/7
  3033 | D:4      | Found a glowing drain.
  3049 | D:4      | Found a bloodstained altar of Trog.
  3071 | Sewer    | Entered a sewer
  3124 | Sewer    | Reached skill level 1 in Evocations
  3833 | D:5      | Entered Level 5 of the Dungeon
  3842 | D:5      | Reached skill level 5 in Long Blades
  3939 | D:5      | Found a large runed translucent door.
  3939 | D:5      | Found a large runed translucent door.
  3974 | D:5      | Reached skill level 5 in Stealth
  4046 | D:5      | Found a transporter.
  4054 | D:5      | Reached XP level 8. HP: 53/54 MP: 8/8
  4058 | D:5      | Found a transporter.
  4059 | D:5      | Noticed Tirrikindir's ghost (novice TrFi)
  4085 | D:5      | Reached skill level 6 in Long Blades
  4696 | D:5      | Reached skill level 7 in Long Blades
  4801 | D:5      | Found Kohobit's Weapon Shoppe.
  5012 | D:5      | Found a hide-covered altar of Uskayaw.
  5481 | D:2      | Bought a +4 ring of protection for 504 gold pieces
  5594 | D:6      | Reached skill level 8 in Long Blades
  5886 | D:6      | Reached skill level 1 in Throwing
  5886 | D:6      | Reached XP level 9. HP: 45/58 MP: 9/9
  7085 | D:6      | Found a runed translucent door.
  7086 | D:6      | Noticed Crazy Yiuf
  7095 | D:6      | Killed Crazy Yiuf
  7490 | D:7      | Reached skill level 9 in Long Blades
  7492 | D:7      | Noticed Maggie
  7507 | D:7      | Killed Maggie
  7508 | D:7      | Reached skill level 5 in Fighting
  7508 | D:7      | Reached skill level 5 in Dodging
  7508 | D:7      | Reached skill level 5 in Shields
  7529 | D:7      | Noticed Menkaure
  7537 | D:7      | Killed Menkaure
  7578 | D:7      | Found a staircase to the Ecumenical Temple.
  7587 | D:7      | Reached skill level 10 in Long Blades
  7587 | D:7      | Reached XP level 10. HP: 66/66 MP: 10/10
  7614 | Temple   | Entered the Ecumenical Temple
  7750 | D:7      | You fall into a shaft and drop 2 floors!
  7939 | D:8      | Noticed Joseph
  7953 | D:8      | Found a flagged portal.
  7965 | D:8      | Killed Joseph
  8004 | Bailey   | Entered a bailey
  8293 | Bailey   | Noticed an orc knight
  8312 | Bailey   | Slain by an orc knight

Illustrated notes

Levels and vault maps discovered:
D:1:      dpeg_arrival_refuge, layout_basic, minmay_pentomino_v2
D:2:      layout_loops_ring, basic_altar, serial_shops, shop_statue
D:3:      layout_loops_ring, mainiacjoe_overflow_brackets,
          mainiacjoe_overflow_chevrons, shapermc_ecumenical_altar_venn
D:4:      layout_cave_pods, nicolae_gozag_zags_fifth_avenue, trog_book,
          portal_sewer_entry_f, uniq_robin, uniq_ijyb
D:5:      kennysheep_kobold_camp, layout_loops_ring, jmf_multi_god_temple2,
          lemuel_doored_altar, gammafunk_ghost_hive, serial_shops,
          nicolae_take_the_stairs
D:6:      layout_gridville, minmay_misc_feat_roman, kennysheep_generic_room_7,
          uniq_crazy_yiuf_cottage
D:7:      layout_rooms, mainiacjoe_overflow_alcove_4,
          minmay_temple_entry_junction, st_stairs_13, uniq_maggie, uniq_menkaure
D:8:      nicolae_cairo_tiling_large_dashed, layout_rooms, enter_bailey_3,
          kennysheep_generic_room_5, uniq_joseph
D:9:      layout_basic, mainiacjoe_overflow_divided_tiny
Temple:   compressed_dpeg_triangle_lava_temple
Bailey:   bailey_axe_3, bailey

Skill      XL: |  1  2  3  4  5  6  7  8  9 |
---------------+----------------------------+-----
Stealth        | 1 2 3 4 5 6 7 |  7.4
Long Blades    | 3 4 5 8 10 | 10.3
Fighting       | 4 5 |  5.6
Dodging        | 4 5 |  5.6
Shields        | 4 5 |  5.6
Evocations     | 2 3 4 |  4.4
Throwing       | 1 2 |  2.6

Action                   |  1- 3 |  4- 6 |  7- 9 | 10-12 || total
-------------------------+-------+-------+-------+-------++-------
Melee: Long sword        |    50 |    91 |   278 |    85 ||   504
       Constrict         |    13 |    21 |    70 |    20 ||   124
       Tentacles         |     6 |    20 |    96 |    23 ||   145
       Punch             |       |     2 |     3 |     2 ||     7
Throw: Throwing net      |       |     2 |       |       ||     2
       Dart              |       |       |    16 |     4 ||    20
       Boomerang         |       |       |       |     5 ||     5
Invok: Potion Petition   |       |       |       |     1 ||     1
Evoke: Wand              |       |       |       |     1 ||     1
  Use: Scroll            |     2 |     7 |     3 |     3 ||    15
       Potion            |       |     2 |     4 |     2 ||     8
 Stab: Sleeping          |     6 |     9 |    25 |     1 ||    41
       Distracted        |       |     1 |     2 |     1 ||     4
Armor: Skin              |     5 |     4 |    18 |    13 ||    40
Dodge: Dodged            |    26 |    52 |   146 |    65 ||   289
Block: Buckler           |     9 |    16 |    63 |    32 ||   120
